 Dungeon Crawl Stone Soup version 0.29.1-2-gbd0b4ee654 (webtiles) character file.

Game seed: 7618747821713669146

42 xian the Trooper (level 3, 0/29 HPs)
             Began as a Demonspawn Abyssal Knight on Nov 18, 2022.
             Was a Believer of Lugonu.
             Slain by a quokka (2 damage)
             ... on level 2 of the Dungeon.
             The game lasted 00:04:19 (1260 turns).

xian the Trooper (Demonspawn Abyssal Knight)        Turns: 1260, Time: 00:04:20

Health: 0/29       AC:  7    Str: 15    XL:     3   Next: 33%
Magic:  4/4        EV:  9    Int: 11    God:    Lugonu [**....]
Gold:   44         SH:  0    Dex: 13    Spells: 2/2 levels left

rFire   . . .      SeeInvis .   a - +1 short sword
rCold   . . .      Faith    .   (no shield)
rNeg    . . .      Spirit   .   d - +0 scale mail
rPois   .          Reflect  .   (helmet restricted)
rElec   .          Harm     .   (no cloak)
rCorr   .          Rampage  .   (no gloves)
Will    .....                   (no boots)
Stlth   ..........              (no amulet)
HPRegen 0.09/turn               (no ring)
MPRegen 0.09/turn               (no ring)

@: no status effects
A: horns 1, sharp scales 1
a: Renounce Religion, Depart the Abyss, Bend Space


You were on level 2 of the Dungeon.
You worshipped Lugonu.
Lugonu was pleased with you.
You visited 1 branch of the dungeon, and saw 2 of its levels.
You visited the Abyss 1 time.

You collected 44 gold pieces.

Inventory:

Hand Weapons
 a - a +1 short sword (weapon)
Missiles
 b - 2 javelins
 i - 2 boomerangs
Armour
 d - a +0 scale mail (worn)
 j - a +0 helmet
Scrolls
 h - a scroll of blinking {unknown}
Potions
 c - a potion of ambrosia {unknown}
 e - a potion of attraction {unknown}
 f - a potion of heal wounds {unknown}
 g - a potion of brilliance {unknown}


   Skills:
 + Level 3.6 Fighting
 + Level 2.1 Short Blades
 + Level 2.4 Armour
 + Level 1.1 Dodging
 + Level 0.4 Stealth
 + Level 2.4 Invocations


You had 2 spell levels left.
You didn't know any spells.
Your spell library was empty.

Dungeon Overview and Level Annotations

Branches:
Dungeon (2/15)

Altars:

Shops:
D:1 =


Innate Abilities, Weirdness & Mutations

You have a pair of small horns on your head.
You are partially covered in razor-sharp scales. (AC +1, Slay +1)


Message History

The ball python constricts you.
You hit the ball python.
The ball python is heavily wounded.
The quokka barely misses you. The ball python barely misses you.
The ball python constricts you.
* * * LOW HITPOINT WARNING * * *
The quokka bites you.
* * * LOW HITPOINT WARNING * * *
You hit the ball python.
You kill the ball python!
Lugonu accepts your kill.
The quokka bites you but does no damage.
Unknown command.
You hit the dart slug.
The dart slug is severely wounded.
The quokka bites you but does no damage.
Unknown command.
You hit the dart slug.
You kill the dart slug!
Lugonu accepts your kill.
The quokka bites you but does no damage.
Unknown command.
You closely miss the quokka.
The quokka bites you but does no damage.
You completely miss the quokka. The quokka bites you.
* * * LOW HITPOINT WARNING * * *
The quokka barely misses you.
You hit the quokka but do no damage. Your headbutt misses the quokka.
The quokka barely misses you.
You hit the quokka.
The quokka is lightly wounded.
The quokka bites you.
* * * LOW HITPOINT WARNING * * *
You hit the quokka.
The quokka is heavily wounded.
The quokka bites you but does no damage.
You hit the quokka.
The quokka is almost dead.
The quokka bites you.
You die...

... ..###### #### ..#....#
... .##.##.# #..
#####.##...<#.. . #..
......##.)#.#..
....#..#######...##..#)#.#
..>[....†@.)..†......#)#.#
....#...r..........#.#.#.#
. #..............#...#.#
#.#.......#..<.###....
.........#.#....# #....
##.########.#..#.###....
). #.#........#.# ###
#.####.###.#.# #......#
#.#.#


You could see a quokka.

Vanquished Creatures
  2 worms (D:2)
  A dart slug (D:2)
  2 ball pythons (D:2)
  4 endoplasms
  A giant cockroach (D:2)
  3 goblins
  4 hobgoblins (D:1)
  3 jackals (D:1)
  2 quokkas (D:2)
  A bat (D:1)
  A frilled lizard (D:1)
  4 kobolds
  A rat (D:2)
29 creatures vanquished.

Vanquished Creatures (others)
  5 plants (D:1)
5 creatures vanquished.

Grand Total: 34 creatures vanquished

Notes
Turn   | Place    | Note
-------+----------+-------------------------------------------
     0 | Abyss:1  | xian the Demonspawn Abyssal Knight began the quest for the
                  | Orb.
     0 | Abyss:1  | Reached XP level 1. HP: 18/18 MP: 2/2
     0 | Abyss:1  | Found a corrupted altar of Lugonu.
    11 | Abyss:1  | Found a corrupted altar of Lugonu.
    52 | Abyss:1  | Noticed a glowing orange brain
    86 | Abyss:1  | Noticed a large abomination
   102 | Abyss:1  | Noticed a rust devil
   131 | Abyss:2  | Noticed a tentacled starspawn
   149 | Abyss:2  | Noticed a large abomination
   150 | D:1      | Escaped the Abyss
   222 | D:1      | Found Urulixynez's Jewellery Shoppe.
   567 | D:1      | Reached ** piety under Lugonu
   568 | D:1      | Reached skill level 1 in Dodging
   575 | D:1      | Gained mutation: You are partially covered in razor-sharp
                  | scales. (AC +1, Slay +1) [demonic ancestry]
   575 | D:1      | Reached XP level 2. HP: 24/24 MP: 3/3
  1195 | D:2      | Gained mutation: You have a pair of small horns on your
                  | head. [demonic ancestry]
  1195 | D:2      | Reached XP level 3. HP: 17/29 MP: 4/4
  1258 | D:2      | HP: 1/29 [quokka (1)]
  1260 | D:2      | Slain by a quokka

Illustrated notes

Levels and vault maps discovered:
D:1:      grunt_arrival_crossed_arrows, layout_loops_ring, serial_forest,
          infiniplex_forest_lined_ring, infiniplex_forest_clump_medium,
          infiniplex_forest_straight_5, infiniplex_forest_lined_room_,
          infiniplex_forest_lined_room_2, infiniplex_forest_clump_long,
          infiniplex_forest_clump_small, serial_shops,
          nicolae_shop_advertising_works [nicolae_subvault_shop_adworks]
D:2:      layout_basic, small_statue_intersection, st_stairs_3,
          uniq_crazy_yiuf_cottage, uniq_jessica

Skill      XL: |  1  2 |
---------------+-------+-----
Short Blades   | 2 |  2.1
Dodging        | 1 |  1.1
Armour         | 2 |  2.4
Fighting       | |  3.6
Stealth        | |  0.4
Invocations    | |  2.4

Action                   || total
-------------------------++-------
Melee: Short sword       ||   122
       Punch             ||     1
       Headbutt          ||     4
Invok: Depart the Abyss  ||     1
Armor: Scale mail        ||    49
       Leather armour    ||     1
Dodge: Dodged            ||    48
